 Dungeon Crawl Stone Soup version 0.29.1-1-gd02db6906a (webtiles) character file.

Game seed: 8489993676464076708

30 karrick the Insei (level 3, -1/28 HPs)
             Began as a Meteoran Transmuter on Sept 25, 2022.
             Slain by Pargi (2 damage)
             ... in a sewer.
             The game lasted 00:05:31 (891 turns).

karrick the Insei (Meteoran Transmuter)              Turns: 891, Time: 00:05:32

Health: -1/28      AC:  2    Str: 14    XL:     3   Next: 58%
Magic:  7/8        EV: 16    Int: 14    God:
Gold:   64         SH:  0    Dex: 14    Spells: 2/8 levels left

rFire   . . .      SeeInvis .     - Unarmed
rCold   . . .      Faith    .   (no shield)
rNeg    . . .      Spirit   .   a - +0 robe
rPois   .          Reflect  .   (helmet currently unavailable)
rElec   .          Harm     .   (no cloak)
rCorr   .          Rampage  .   (no gloves)
Will    .....                   (boots currently unavailable)
Stlth   +.........              (no amulet)
HPRegen 0.09/turn               m - +4 ring of evasion
MPRegen 0.11/turn               (no ring)

@: appendages, flying, glowing
A: horns 2, talons 2, sense surroundings 1, otherworldly, glowing, explore regen
a: End Transformation


You were in a sewer.
You had temporarily grown beastly horns and talons.
You visited 1 branch of the dungeon, and saw 3 of its levels.
You also visited: Sewer.

You collected 64 gold pieces.

Inventory:

Hand Weapons
 f - a +1 dagger of venom
 k - a +2 dagger of freezing
Armour
 a - a +0 robe (worn)
 j - an orb of mayhem
Jewellery
 m - a +4 ring of evasion (left hand)
Scrolls
 c - a scroll of blinking {unknown}
 g - a scroll of identify {unknown}
 i - 3 scrolls of fear {unknown}
 o - a scroll of magic mapping {unknown}
Potions
 b - a potion of lignification
 d - a potion of curing {unknown}
 e - 2 potions of flight
 h - a potion of degeneration {unknown}
 l - a potion of mutation {unknown}
 n - a potion of haste {unknown}
 p - a potion of resistance {unknown}
 q - a potion of heal wounds {unknown}


   Skills:
 + Level 1.1 Fighting
 + Level 2.5 Dodging
 + Level 4.6 Unarmed Combat
 + Level 3.1 Spellcasting
 + Level 2.7 Transmutations


You had 2 spell levels left.
You knew the following spells:

 Your Spells              Type           Power      Damage    Failure   Level
a - Beastly Appendage     Tmut           18%        N/A       7%          1
b - Wereblood             Tmut           9%         N/A       11%         2
c - Spider Form           Tmut/Pois      6%         N/A       34%         3

Your spell library contained the following spells:

 Spells                   Type           Power      Damage    Failure   Level
 Ice Form                 Ice/Tmut       6%         N/A       75%         4


Dungeon Overview and Level Annotations

Branches:
Dungeon (3/15) Zot: 1051    Sewer (1/1) Zot: 459

Altars:

Annotations:
Sewer Pargi


Innate Abilities, Weirdness & Mutations

You have temporarily grown beastly horns and talons.
You passively map a small area around you.
You are easily found by Zot.
You glow in the dark.
You regain HP and MP as you explore.


Message History

You closely miss Pargi. You claw Pargi.
Pargi is severely wounded.
Your transformation is almost over.
Pargi closely misses you. Pargi claws you. x2
You hit Pargi but do no damage. Your headbutt misses Pargi.
Pargi is severely wounded.
Pargi barely misses you. Pargi closely misses you. Pargi misses you.
You barely miss Pargi.
Pargi is severely wounded.
Pargi misses you. Pargi closely misses you. Pargi claws you.
You punch Pargi!
Pargi is almost dead.
Pargi bites you. Pargi completely misses you. Pargi closely misses you.
Casting: Beastly Appendage (safe; 7% risk of failure)
Confirm with . or Enter, or press ? or * to list all spells.
You extend your transformation's duration.
Pargi closely misses you. Pargi misses you. x2
You hit Pargi but do no damage. Your kick misses Pargi.
Your headbutt misses Pargi.
Pargi is almost dead.
Pargi bites you.
* * * LOW HITPOINT WARNING * * *
Pargi claws you.
* * * LOW HITPOINT WARNING * * *
Pargi claws you.
* * * LOW HITPOINT WARNING * * *
You hit Pargi but do no damage.
Pargi is almost dead.
Pargi bites you.
* * * LOW HITPOINT WARNING * * *
Pargi claws you.
* * * LOW HITPOINT WARNING * * *
Pargi barely misses you.
It was a potion of flight.
You feel very buoyant.
You fly up into the air.
Pargi bites you but does no damage. Pargi barely misses you.
Pargi closely misses you.
Okay, then.
Pargi attacks as you move away! Pargi completely misses you. Pargi claws you.
You die...

####.~≈~.####
#∩....∩..'..#
####.~≈~.####
####.~≈~.####
#..'.~≈~.'..#
####.~≈~.####
####.~≈~.####
#..'.~≈~.'..#
####.~≈@.####
####.~≈~T#
#..'.~≈~.'..#
#############
#~≈~# #~≈~#
#~≈~# #~≈~#
#~≈~#


You could see Pargi.

Vanquished Creatures
  2 dart slugs (D:1)
  2 ball pythons (D:3)
  An endoplasm (D:1)
  3 giant cockroaches
  2 goblins (D:1)
  4 hobgoblins
  2 jackals (D:1)
  3 kobolds
  A frilled lizard (D:1)
  4 rats
24 creatures vanquished.

Notes
Turn   | Place    | Note
-------+----------+-------------------------------------------
     0 | D:1      | karrick the Meteoran Transmuter began the quest for the
                  | Orb.
     0 | D:1      | Reached XP level 1. HP: 16/16 MP: 5/5
    43 | D:1      | Reached XP level 2. HP: 17/23 MP: 6/6
    48 | D:1      | Reached skill level 4 in Unarmed Combat
   137 | D:1      | Found a faded altar of an unknown god.
   225 | D:1      | Reached XP level 3. HP: 26/28 MP: 8/8
   396 | D:2      | Learned a level 2 spell: Wereblood
   400 | D:2      | Learned a level 3 spell: Spider Form
   723 | D:3      | Found a glowing drain.
   749 | Sewer    | Entered a sewer
   879 | Sewer    | Noticed Pargi
   888 | Sewer    | HP: 1/28 [Pargi (1)]
   891 | Sewer    | Slain by Pargi

Illustrated notes

Levels and vault maps discovered:
D:1:      dpeg_arrival_concentric_ovals, layout_basic,
          ebering_ecumenical_altar_rust, chequers_serial_rivers_micro_b,
          dreamdust_mushroom_princess
D:2:      layout_basic, solitary_fountain
D:3:      corexii_shack_village, layout_basic, lightli_temple_of_fire,
          cheibrodos_sewer_entry_drain, uniq_ijyb
Sewer:    kennysheep_door_sewer

Skill      XL: |  1  2  3 |
---------------+----------+-----
Unarmed Combat | 4 |  4.6
Spellcasting   | 3 |  3.1
Fighting       | |  1.1
Dodging        | |  2.5
Transmutations | |  2.7

Action                   || total
-------------------------++-------
Melee: Unarmed           ||    61
       Kick              ||    19
       Headbutt          ||     8
       Punch             ||     1
 Cast: Beastly Appendage ||    22
  Use: Potion            ||     1
Armor: Robe              ||     8
Dodge: Dodged            ||    40
